Match 41673591
Unlisted

Match 41673591
End
Selects Terror Battlegroup
Kettenkrad Recon Vehicle
Construct Infanterie Kompanie
MG 42 Machine Gun Team
Selects Machine Gun Camouflage
Grenadier Squad
GrW 34 Mortar Team
Grenadier Squad
Construct Panzergrenadier Kompanie
251 Medium Carrier
Selects Interrogate
251 Medium Carrier
Panzergrenadier Squad
Selects Propaganda Leaflet Drop
Construct Panzer Kompanie
Medical Bunker
Forward Retreat Point
Panzer IV Medium Tank
Selects V1 Rocket Strike
V1 Rocket Strike
wila
LittleFatty233
你的好友寒风
甜菜的小老弟
2087556
KingLiA
YaBe
InDex
0
0

Comments sign in to comment!

No comments posted yet!